 Dungeon Crawl Stone Soup version 0.17.0-15-g6d90897 (webtiles) character file.

8292 McCoppin the Cleaver (level 11, -3/91 HPs)
             Began as a Vampire Gladiator on Nov 10, 2015.
             Was a High Priest of Okawaru.
             Killed from afar by an orc sorcerer (19 damage)
             ... with a bolt of negative energy
             ... led by an orc knight
             ... on level 12 of the Dungeon on Nov 11, 2015.
             The game lasted 01:06:51 (13737 turns).

McCoppin the Cleaver (Vampire Gladiator)           Turns: 13737, Time: 01:06:51

Health: -3/91      AC: 17    Str: 16    XL:     11   Next: 8%
Magic:  14/20      EV:  9    Int: 11    God:    Okawaru [*****.]
Gold:   355        SH:  0    Dex: 20    Spells: 0 memorised, 10 levels left

rFire  . . .     SeeInvis +     N - +3 battleaxe (flame)
rCold  . . .     Clarity  .     t - +0 plate armour
rNeg   . . .     SustAt   .     (shield currently unavailable)
rPois  .         Gourm    .     c - +1 helmet
rElec  .         Spirit   .     m - +1 cloak
rCorr  .         Warding  .     j - +0 pair of gloves
rMut   .         Stasis   .     (no boots)
MR     +....                    (no amulet)
Stlth  +++.......               g - ring of magical power
                                J - +4 ring of dexterity

@: heroism, finesse, regenerating quickly, drained, somewhat resistant to
hostile enchantments, fairly stealthy
A: fangs 3, see invisible, unbreathing
a: Heroism, Finesse, Renounce Religion


You were on level 12 of the Dungeon.
You worshipped Okawaru.
Okawaru was extremely pleased with you.
You were full.

You visited 2 branches of the dungeon, and saw 13 of its levels.

You collected 547 gold pieces.
You spent 192 gold pieces at shops.

Inventory:

Hand Weapons
 a - a +0 war axe
 n - a +0 blowgun
 N - a +3 battleaxe of flaming (weapon)
Missiles
 d - 5 throwing nets (quivered)
 f - 8 needles of slowing
 q - 54 poisoned needles
 I - 7 curare-tipped needles
Armour
 c - a +1 helmet (worn)
 j - a +0 pair of gloves (worn)
 m - a +1 cloak (worn)
 t - a +0 plate armour (worn)
 D - a +2 buckler
Jewellery
 g - a ring of magical power (right hand)
 r - an uncursed ring of poison resistance
 J - a +4 ring of dexterity (left hand)
Wands
 k - a wand of frost (4)
 p - a wand of enslavement (13)
 C - a wand of enslavement (17)
 G - a wand of fire (7)
Scrolls
 b - a scroll of magic mapping {unknown}
 s - 4 scrolls of enchant armour
 u - 2 scrolls of remove curse
 y - 3 scrolls of blinking {unknown}
 B - 3 scrolls of identify
 E - a scroll of random uselessness {unknown}
 F - a scroll of recharging {unknown}
 K - a scroll of fear
 L - 2 scrolls of teleportation
Potions
 e - 5 potions of blood
 i - a potion of cancellation {unknown}
 l - a potion of mutation {unknown}
 o - 4 potions of haste {unknown}
 v - 2 potions of flight {unknown}
 w - a potion of brilliance
 x - 3 potions of poison {unknown}
 A - a potion of resistance
 H - 2 potions of invisibility {unknown}
 M - 2 potions of curing
Books
 h - a book of Battle

   Spells                             Type                      Level
   a - Infusion                       Charms                       1
   b - Shroud of Golubria             Charms/Translocation         2
   c - Song of Slaying                Charms                       2
   d - Spectral Weapon                Hexes/Charms                 3
   e - Regeneration                   Charms/Necromancy            3
 z - a book of Flames

   Spells                             Type                      Level
   a - Flame Tongue                   Conjuration/Fire             1
   b - Throw Flame                    Conjuration/Fire             2
   c - Conjure Flame                  Conjuration/Fire             3
   d - Inner Flame                    Hexes/Fire                   3
   e - Sticky Flame                   Conjuration/Fire             4
   f - Fireball                       Conjuration/Fire             5
 O - a book of Callings

   Spells                             Type                      Level
   a - Summon Small Mammal            Summoning                    1
   b - Call Imp                       Summoning                    2
   c - Call Canine Familiar           Summoning                    3
   d - Summon Guardian Golem          Hexes/Summoning              3
   e - Summon Lightning Spire         Summoning/Air                4
   f - Summon Ice Beast               Ice/Summoning                4
 P - a book of Summonings

   Spells                             Type                      Level
   a - Recall                         Summoning/Translocation      3
   b - Aura of Abjuration             Summoning                    5
   c - Shadow Creatures               Summoning                    5
   d - Summon Demon                   Summoning                    5
   e - Summon Forest                  Summoning/Translocation      5
   f - Summon Mana Viper              Hexes/Summoning              5


   Skills:
 - Level 10.2(14.5) Fighting
 * Level 10.6(14.9) Axes
 - Level 1.5(5.9) Throwing
 + Level 4.3(8.7) Dodging
 - Level 10.2(14.5) Stealth


You had 10 spell levels left.
You didn't know any spells.

Dungeon Overview and Level Annotations

Branches:
Dungeon (12/15)            Temple (0/1) D:4            Lair (1/8) D:9
    Orc (0/4) D:11

Altars:
Ashenzari
Kikubaaqudgha
Nemelex Xobeh
Okawaru
Qazlal
Ru
Sif Muna
Yredelemnul
Zin

Shops:
D:4 =   D:7 }   D:9 ?

Annotations:
Lair:1 emiel's ghost, journeyman DrEE


Innate Abilities, Weirdness & Mutations

Your natural rate of healing is unusually fast.
You have razor-sharp teeth.
You have supernaturally acute eyesight.
You can survive without breathing.


Message History

You kill the sky beast!
Okawaru accepts your kill.
The orc knight hits you with an enchanted long sword!
* * * LOW HITPOINT WARNING * * *
The red devil hits you from afar with a trident.
* * * LOW HITPOINT WARNING * * *
You slash the orc knight! You burn the orc knight. You bite the orc knight.
You kill the orc knight!
Okawaru accepts your kill.
You closely miss the orc sorcerer. You slash the sky beast!
You burn the sky beast.
You kill the sky beast!
Okawaru accepts your kill.
Drink which item? (? for menu, Esc to quit)
Okay, then.
The orc sorcerer gestures at you while chanting.
You resist with some effort.
The orc sorcerer gestures at you while chanting.
The bolt of negative energy hits you!
You feel drained.
You die...

###....###...##
#..............
#......o.......
#...Hl4ao......
#.##.# ##Z##.##
#.oZ...#
#......#
#..@...#
#......##
#.......#
####'####
#<....# #.....#
#....># #######


You could see an orc sorcerer, a red devil, a worker ant, an orc, a giant frog
zombie and a centaur skeleton.

Vanquished Creatures
  Harold (D:11)
  A hill giant (D:10)
  An orc knight (D:12)
  An elephant (D:9)
  A cyclops (D:11)
  A spiny frog (Lair:1)
  A troll (D:11)
  5 yaks (D:9)
  A hippogriff (D:11)
  Eustachio (D:6)
  A steam dragon (D:10)
  A wyvern (D:9)
  The ghost of puimuR the Chopper, an amateur DsBe of Trog (D:5)
  2 soldier ants (D:8)
  An ogre (D:6)
  2 orc warriors (D:8)
  2 phantoms
  2 black bears
  2 sky beasts (D:12)
  A centaur (D:9)
  A big kobold (D:9)
  3 crocodiles (D:9)
  9 giant frogs
  5 scorpions
  2 water moccasin skeletons
  6 crimson imps
  5 orc priests
  A quasit (D:9)
  A gnoll shaman (D:4)
  4 jellies
  2 giant frog skeletons
  6 iguanas
  3 hounds
  12 orc wizards
  15 worker ants
  A sheep (D:9)
  3 hound zombies
  6 gnolls
  2 worker ant zombies
  2 river rats (Lair:1)
  16 adders
  3 adder skeletons
  An adder zombie (D:9)
  6 giant geckos
  27 orcs
  A ball python (D:2)
  7 bats
  8 hobgoblins
  14 jackals
  3 quokkas
  8 giant cockroaches
  A giant cockroach zombie (D:5)
  A giant gecko zombie (D:7)
  5 giant newts
  2 gnoll zombies (D:7)
  5 goblins
  15 kobolds
  2 quokka skeletons
  A quokka zombie (D:6)
  11 rats
255 creatures vanquished.

Notes
Turn   | Place    | Note
--------------------------------------------------------------
     0 | D:1      | McCoppin the Vampire Gladiator began the quest for the Orb.
     0 | D:1      | Reached XP level 1. HP: 16/16 MP: 1/1
    58 | D:1      | Found an iron altar of Okawaru.
    65 | D:1      | Reached skill level 1 in Stealth
    68 | D:1      | Became a worshipper of Warmaster Okawaru
   167 | D:1      | Reached XP level 2. HP: 20/22 MP: 2/2
   644 | D:1      | Reached XP level 3. HP: 21/28 MP: 3/3
  1408 | D:2      | Reached XP level 4. HP: 31/34 MP: 4/4
  1419 | D:2      | Reached skill level 4 in Stealth
  1496 | D:2      | HP: 1/34 [adder (1)]
  2031 | D:2      | Found a sacrificial altar of Ru.
  2452 | D:3      | Reached XP level 5. HP: 35/41 MP: 5/5
  3177 | D:3      | Noticed a hippogriff
  3257 | D:4      | Found a shattered altar of Ashenzari.
  3266 | D:4      | Found a glowing silver altar of Zin.
  3268 | D:4      | Found a stormy altar of Qazlal.
  3417 | D:4      | Found Buademus's Jewellery Shop.
  3573 | D:4      | Noticed a phantom
  3578 | D:5      | Entered Level 5 of the Dungeon
  3744 | D:5      | Noticed puimuR's ghost (amateur DsBe)
  4252 | D:6      | Noticed an ogre
  4356 | D:6      | Reached skill level 5 in Stealth
  4471 | D:6      | Reached * piety under Okawaru
  4471 | D:6      | Reached XP level 6. HP: 42/48 MP: 6/6
  4741 | D:7      | Found Wepsib's Gadget Shop.
  4751 | D:7      | Noticed a black bear
  4912 | D:8      | Found a sparkling altar of Nemelex Xobeh.
  4913 | D:8      | Found an ancient bone altar of Kikubaaqudgha.
  5621 | D:4      | Reached XP level 7. HP: 21/55 MP: 7/7
  5881 | D:4      | Found a staircase to the Ecumenical Temple.
  5956 | D:4      | Reached skill level 5 in Fighting
  6163 | D:5      | Reached skill level 5 in Axes
  6238 | D:5      | Reached skill level 6 in Stealth
  6755 | D:5      | Reached ** piety under Okawaru
  6807 | D:5      | Killed puimuR's ghost
  6807 | D:5      | Reached XP level 8. HP: 41/64 MP: 8/8
  6826 | D:5      | Found a deep blue altar of Sif Muna.
  7096 | D:6      | Reached skill level 7 in Stealth
  7151 | D:6      | Noticed a phantom
  7191 | D:6      | Killed a phantom
  7384 | D:6      | Noticed Eustachio
  7416 | D:6      | Killed Eustachio
  7553 | D:6      | Killed an ogre
  7903 | D:7      | Reached *** piety under Okawaru
  8117 | D:7      | Killed a black bear
  8117 | D:7      | Reached skill level 8 in Stealth
  8257 | D:7      | Found a basalt altar of Yredelemnul.
  8320 | D:7      | Reached XP level 9. HP: 68/72 MP: 9/9
  8785 | D:8      | Noticed a soldier ant
  8796 | D:8      | Noticed a soldier ant
  8798 | D:8      | Killed a soldier ant
  8821 | D:8      | Killed a soldier ant
  9133 | D:8      | Received a gift from Okawaru
  9133 | D:8      | Reached skill level 9 in Stealth
  9902 | D:9      | Found a staircase to the Lair.
  9902 | D:9      | Noticed an elephant
  9956 | D:9      | Killed an elephant
 10109 | D:9      | Reached **** piety under Okawaru
 10300 | D:9      | Reached skill level 10 in Stealth
 10308 | D:9      | Reached XP level 10. HP: 53/82 MP: 10/10
 10971 | D:9      | Reached ***** piety under Okawaru
 11121 | D:9      | Found Wier's Magic Scroll Shop.
 11129 | D:9      | Bought a scroll of remove curse for 48 gold pieces
 11129 | D:9      | Bought a scroll of identify for 32 gold pieces
 11129 | D:9      | Bought a scroll of identify for 32 gold pieces
 11129 | D:9      | Bought a scroll of identify for 32 gold pieces
 11129 | D:9      | Bought a scroll of teleportation for 48 gold pieces
 11295 | D:10     | Entered Level 10 of the Dungeon
 11730 | D:10     | Noticed a hill giant
 11769 | D:10     | Killed a hill giant
 12160 | Lair:1   | Entered Level 1 of the Lair of Beasts
 12338 | Lair:1   | Noticed emiel's ghost (journeyman DrEE)
 12742 | D:9      | Received a gift from Okawaru
 12780 | D:11     | Noticed Harold
 12806 | D:11     | Killed Harold
 12806 | D:11     | Reached skill level 10 in Fighting
 12806 | D:11     | Reached skill level 10 in Axes
 13325 | D:11     | Noticed a cyclops
 13336 | D:11     | Killed a cyclops
 13392 | D:11     | Found a staircase to the Orcish Mines.
 13403 | D:11     | Reached XP level 11. HP: 78/91 MP: 11/11
 13737 | D:12     | Killed from afar by an orc sorcerer

Action                   |  1- 3 |  4- 6 |  7- 9 | 10-12 || total
-------------------------+-------+-------+-------+-------++-------
Melee: War axe           |   105 |   138 |   581 |   198 ||  1022
       Unarmed           |    26 |   146 |       |       ||   172
       Battleaxe         |       |       |       |    69 ||    69
 Fire: Blowgun           |       |    18 |     8 |     4 ||    30
Throw: Throwing net      |       |     3 |       |       ||     3
Invok: Heroism           |       |     2 |     1 |     2 ||     5
       Finesse           |       |       |       |     1 ||     1
 Abil: Bat Form          |     1 |    15 |     1 |     2 ||    19
       End Transformatio |     1 |    15 |     1 |     2 ||    19
  Use: Scroll            |     3 |     4 |     4 |       ||    11
       Potion            |     9 |     3 |    26 |    13 ||    51
 Stab: Sleeping          |     6 |    11 |       |     1 ||    18
       Distracted        |       |     1 |       |     1 ||     2
